 Dungeon Crawl Stone Soup version 0.30.0-30-g96aa6591b8 (webtiles) character file.

Game seed: 15226391224903357436

88 Jakamomo the Shooter (level 4, -1/33 HPs)
             Began as a Human Hunter on June 27, 2023.
             Was a Follower of Dithmenos.
             Slain by Pargi (2 damage)
             ... in a sewer.
             The game lasted 00:12:17 (1360 turns).

Jakamomo the Shooter (Human Hunter)                 Turns: 1360, Time: 00:12:17

Health: -1/33      AC:  3    Str:  9 (12) XL:     4   Next: 82%
Magic:  3/3        EV: 11    Int:  7 (9)  God:    Dithmenos [*.....]
Gold:   66         SH:  0    Dex: 15 (18) Spells: 3/3 levels left

rFire   . . .        a - +0 shortbow
rCold   . . .        (shield currently unavailable)
rNeg    . . .        c - +0 leather armour
rPois   .            (no helmet)
rElec   .            (no cloak)
rCorr   .            (no gloves)
SInv    .            (no boots)
Will    .....        (no amulet)
Stlth   ++           (no ring)
HPRegen 0.25/turn    (no ring)
MPRegen 0.08/turn

%: no passive effects
@: wreathed by umbra
A: low MP 1
a: Renounce Religion


You were in a sewer.
You worshipped Dithmenos.
Dithmenos was aware of your devotion.
You visited 1 branch of the dungeon, and saw 3 of its levels.
You also visited: Sewer.

You collected 115 gold pieces.
You spent 49 gold pieces at shops.

Inventory:

Hand Weapons
 a - a +0 shortbow (weapon)
 k - a +1 antimagic short sword
Armour
 c - a +0 leather armour (worn)
 o - an orb of mayhem
 p - a +0 helmet
Scrolls
 b - 2 scrolls of immolation
 d - a scroll of identify {unknown}
 e - a scroll of teleportation
 i - a scroll of poison {unknown}
 l - a scroll of blinking {unknown}
 m - 2 scrolls of enchant armour {unknown}
 n - a scroll of fear {unknown}
Potions
 j - 2 potions of haste {unknown}


   Skills:
 + Level 2.2 Fighting
 * Level 5.5 Ranged Weapons
 + Level 0.6 Armour
 + Level 2.0 Dodging
 + Level 1.2 Stealth


You had 3 spell levels left.
You didn't know any spells.
Your spell library contained the following spells:

 Spells                   Type           Power      Damage    Failure   Level
 Cigotuvi's Dreadful Rot  Necr/Pois/Air  0%         N/A       67%         2
 Ensorcelled Hibernation  Hex/Ice        0%         N/A       67%         2
 Spider Form              Tmut/Pois      0%         N/A       88%         3
 Anguish                  Hex/Necr       0%         N/A       99%         4
 Dispel Undead            Necr           0%         3d6       99%         4
 Death Channel            Necr           0%         N/A       100%        6


Dungeon Overview and Level Annotations

Branches:
Dungeon (3/15)              Sewer (1/1)

Altars:
Dithmenos

Shops:
D:2 [

Annotations:
Sewer Pargi


Innate Abilities, Weirdness & Mutations

Your magical capacity is low. (-10% MP)


Message History

It was a potion of heal wounds.
You feel much better.
Pargi clenches his teeth.
Pargi barely misses you. Pargi claws you. x2
It was a potion of degeneration.
There was something very wrong with that liquid.
You feel weakened.
You feel dopey.
You feel clumsy. The frilled lizard bites you. Pargi completely misses you.
Pargi closely misses you. x2
It was a potion of mutation.
You feel extremely strange.
You feel less energetic.
The frilled lizard bites you but does no damage.
Pargi bites you. Pargi claws you but does no damage. Pargi closely misses you.
You shoot an arrow. The arrow hits Pargi.
Pargi is heavily wounded.
The frilled lizard bites you but does no damage.
Pargi bites you.
* * * LOW HITPOINT WARNING * * *
Pargi barely misses you. Pargi closely misses you.
You shoot an arrow.
The arrow hits Pargi but does no damage.
Pargi is moderately wounded.
The frilled lizard barely misses you. Pargi closely misses you.
Pargi misses you. Pargi claws you but does no damage.
You shoot an arrow. The arrow misses Pargi.
The frilled lizard closely misses you. Pargi bites you.
* * * LOW HITPOINT WARNING * * *
Pargi barely misses you. Pargi closely misses you.
You shoot an arrow. The arrow hits Pargi!
Pargi is heavily wounded.
The frilled lizard bites you but does no damage.
Pargi bites you.
* * * LOW HITPOINT WARNING * * *
Pargi barely misses you. Pargi claws you.
* * * LOW HITPOINT WARNING * * *
You shoot an arrow. The arrow hits Pargi.
Pargi is severely wounded.
The frilled lizard bites you.
* * * LOW HITPOINT WARNING * * *
Pargi bites you.
You die...

#≈≈≈≈≈≈≈≈≈~~≈≈≈≈≈≈≈≈≈
###≈≈≈≈≈≈≈≈..#~.≈≈≈≈~≈≈
#≈≈≈≈≈≈≈≈≈~.###..≈≈~#~≈
##≈≈≈≈≈≈≈≈~.## ###∩∩##
#≈≈≈≈≈≈≈≈≈.## #.##
#≈≈≈≈≈≈≈≈.~.# ###
#≈≈≈≈≈≈≈~#.##
#≈≈≈≈≈≈≈~### #≈≈≈≈≈@##
#≈≈≈≈≈lT# #≈≈≈≈≈≈..
≈≈≈≈≈≈≈~.# #≈≈≈≈≈≈≈~#
#≈≈≈≈≈≈≈~. ##≈≈≈≈≈≈≈.
≈≈≈≈≈≈≈≈~#


You could see Pargi and a frilled lizard.

Vanquished Creatures
  3 adders
  6 bats
  5 endoplasms
  6 giant cockroaches
  9 goblins
  2 hobgoblins
  10 kobolds
  4 quokkas
  2 ball pythons
  6 frilled lizards
  4 rats
57 creatures vanquished.

Notes
Turn   | Place    | Note
-------+----------+-------------------------------------------
     0 | D:1      | Jakamomo the Human Hunter began the quest for the Orb.
     0 | D:1      | Reached XP level 1. HP: 16/16 MP: 1/1
   105 | D:1      | Reached XP level 2. HP: 22/22 MP: 2/2
   317 | D:1      | Reached XP level 3. HP: 23/27 MP: 3/3
   699 | D:2      | Reached skill level 5 in Ranged Weapons
   864 | D:2      | Reached XP level 4. HP: 25/33 MP: 4/4
  1050 | D:2      | Found Vynutz's Armour Shoppe.
  1075 | D:2      | Bought a +0 helmet for 49 gold pieces
  1210 | D:3      | Found a faded altar of an unknown god.
  1225 | D:3      | Prayed at the altar of an unknown god.
  1225 | D:3      | Became a worshipper of Dithmenos the Shadowed
  1225 | D:3      | Reached * piety under Dithmenos
  1286 | D:3      | Found a glowing drain.
  1317 | Sewer    | Entered a sewer
  1342 | Sewer    | Noticed Pargi
  1355 | Sewer    | Gained mutation: Your magical capacity is low. (-10% MP)
                  | [potion of mutation]
  1360 | Sewer    | HP: 1/33 [frilled lizard (1)]
  1360 | Sewer    | Slain by Pargi

Illustrated notes

Levels and vault maps discovered:
D:1:      dpeg_arrival_fog, layout_loops_ring
D:2:      layout_rooms, serial_shops, shop
D:3:      layout_basic, gup_sewer_entry_glass, hellmonk_ecumenical_altar_run_dry
Sewer:    sewer_co_pargi_island

Skill      XL: |  1  2  3 |
---------------+----------+-----
Ranged Weapons | 5 |  5.5
Fighting       | |  2.2
Armour         | |  0.6
Dodging        | |  2.0
Stealth        | |  1.2

Action                     |  1- 3 |  4- 6 || total
---------------------------+-------+-------++-------
   Fire: Shortbow          |    87 |    63 ||   150
    Use: Scroll            |     2 |       ||     2
         Potion            |       |     3 ||     3
 Armour: Leather armour    |    23 |    11 ||    34
  Dodge: Dodged            |    31 |    48 ||    79
